cohdb
Replays
Latest Replays
All Replays
Popular Replays
Top Player Replays
Match Explorer
How It Works
Community
CoH3 Stats
Reddit
Sign in to upload your games and track your stats! →
Sign in with Steam
Match 46009412
Unlisted
Match 46009412
Overview
Messages
Build Orders
End
Kradschützen Motorcycle Team
Selects Panzerjäger Kommand Battlegroup
Selects Mine Fields
Panzergrenadier Squad
Panzergrenadier Squad
Construct Light Support Kompanie
2.5-tonne Medical Truck
Fire Support Elements
Panzerjäger Squad
Selects Tank Busters
le.IG 18 Mechanized Group
Veteran Squad Leaders
Construct Panzerarmee Kommand
Armored Reserves
Vehicle Survival Package
Emergency Repair Kits
con_007
A Sassy Badger
Give ma Life 4 Pakistannn
Sunk Cost
SSG 08 Boy
ToastyWaffles
0
0
Comments
sign in to comment!
No comments posted yet!